 Dungeon Crawl Stone Soup version 0.31-a0-208-gdb31a4691d (webtiles) character file.

Game seed: 17153750794776554284

16679 Drazool the Thaumaturge (level 12, -7/92 HPs)
             Began as a Djinni Fire Elementalist on June 28, 2023.
             Was an Elder of Ashenzari.
             Mangled by an ice devil (8 damage)
             ... in a Gauntlet.
             The game lasted 00:45:13 (11778 turns).

Drazool the Thaumaturge (Djinni Fire Elementalist) Turns: 11778, Time: 00:45:13

Health: -7/92      AC:  7    Str:  7    XL:     12   Next: 73%
Gold:   451        EV: 16    Int: 22    God:    Ashenzari [****..] SH:  3 Dex: 14

rFire   + + +        h - +2 dagger of Toth-Mos's Legacy {venom, Fort, Range} (curse)
rCold   + . .        y - +0 buckler of Ashenzari's Regret {Comp, Alch} (curse)
rNeg    . . .        K - +0 troll leather armour
rPois   ∞            (no helmet)
rElec   +            H - scarf {+Inv}
rCorr   +            n - +2 pair of gloves "Overhang to Understand" {infuse, Cun, Bglg} (curse)
SInv    +            (boots unavailable)
Will    +....        I - amulet of Panopticon {Regen+, Self, Alch} (curse)
Stlth   ++           F - ring "Cynicism of Ashenzari" {rF+, Comp, Cun} (curse)
HPRegen 1.95/turn    c - ring "Optimism of Ashenzari" {Ice, Cun, Alch} (curse)
MPRegen 0.00/turn

%: no teleportation, clarity, infuse magic (-8 HP)
@: resistant, flying, studying Polearms
A: sickness immunity, fire resistance 2, cold vulnerability 1, float, innate
caster, HP casting, extra vitality 1
a: Renounce Religion, Evoke Invisibility, Shatter the Chains


You were in a Gauntlet.
You worshipped Ashenzari.
Ashenzari was greatly pleased with you.
You visited 2 branches of the dungeon, and saw 12 of its levels.
You also visited: Bailey and Gauntlet.

You collected 627 gold pieces.
You spent 176 gold pieces at shops.


Innate Abilities, Weirdness & Mutations

You are immune to sickness and miasma.
You are immune to poison.
Your flesh is very heat resistant. (rF++)
You are vulnerable to cold. (rC-)
You float through the air rather than walking.
You learn spells naturally, not from books.
Your magical power is your life essence.
You have superior vitality. (+4 MHP)


   Skills:
 - Level 8.5(10.4) Fighting
 - Level 10.0(13.6) Dodging
 - Level 1.5(3.9) Stealth
 * Level 11.5(13.3) Spellcasting
 * Level 11.5(13.3) Conjurations
 * Level 11.5(13.3) Hexes
   Level 0.0 Charms
 * Level 11.5(14.1) Summonings
 * Level 11.5(14.1) Necromancy
 * Level 11.5(13.3) Translocations
 * Level 11.5(15.0) Transmutations
 * Level 11.5 Fire Magic
 * Level 11.5 Ice Magic
 * Level 11.5 Air Magic
 * Level 11.5 Earth Magic
 * Level 11.5(15.0) Poison Magic
 + Level 5.6 Evocations


You knew the following spells:

 Your Spells              Type           Power      Damage    Failure   Level
a - Momentum Strike       Conj/Tloc      100%       3d10      1%          2
e - Ensorcelled Hibernat  Hex/Ice        100%       N/A       1%          2
f - Foxfire               Conj/Fire      100%       2x1d9     1%          1
i - Irradiate             Conj/Tmut      33%        3d22      1%          5
o - Olgreb's Toxic Radia  Pois           69%        N/A       1%          4
r - Inner Flame           Hex/Fire       62%        N/A       1%          3
s - Slow                  Hex            100%       N/A       1%          1
X - Scorch                Fire           100%       2d9       1%          2
Y - Volatile Blastmotes   Fire/Tloc      100%       2d18      1%          3
Z - Flame Wave            Conj/Fire      62%        2d14      1%          4
Your spell library was empty.

Inventory:

Hand Weapons
 h - the cursed +2 dagger of Toth-Mos's Legacy (weapon) {venom, Fort, Range}
   (You found it on level 2 of the Dungeon)

   It has a curse which improves the following skills: Fortitude: Armour and
   Shields.
   Ranged Combat: Ranged Weapons and Throwing.
 o - a +7 quarterstaff of speed
Missiles
 a - 3 javelins
 x - 5 silver boomerangs
 D - a throwing net {=f}
Armour
 n - the cursed +2 pair of gloves "Overhang to Understand" (worn) {infuse, Cun, Bglg}
   (You found it on level 4 of the Dungeon)

   It has a curse which improves the following skills: Cunning: Dodging and
   Stealth.
   Beguiling: Conjurations, Hexes and Translocations.
 u - the +6 chain mail of Nemelex Xobeh's Scorn {Rampage Dex+6 Slay+5}
   (You found it in a bailey)

   Dex:       It affects your dexterity (+6).
   Slay:      It affects your accuracy & damage with ranged weapons and melee
   (+5).
   Rampage:   It bestows one free step when moving towards enemies.
 y - the cursed +0 buckler of Ashenzari's Regret (worn) {Comp, Alch}
   (You found it on level 11 of the Dungeon)

   It has a curse which improves the following skills: Companions: Summonings
   and Necromancy.
   Alchemy:   Poison Magic and Transmutations.
 E - +1 pearl dragon scales
 H - a scarf of invisibility (worn)
 K - a +0 troll leather armour (worn)
Jewellery
 c - the cursed ring "Optimism of Ashenzari" (right hand) {Ice, Cun, Alch}
   (You found it on level 9 of the Dungeon)

   [ring of ice]

   It enhances your ice magic.
   rF:        It makes you vulnerable to fire.
   rC:        It protects you from cold.
   It has a curse which improves the following skills: Cunning: Dodging and
   Stealth.
   Alchemy:   Poison Magic and Transmutations.
 F - the cursed ring "Cynicism of Ashenzari" (left hand) {rF+, Comp, Cun}
   (You found it on level 7 of the Dungeon)

   [ring of protection from fire]

   rF:        It protects you from fire.
   It has a curse which improves the following skills: Companions: Summonings
   and Necromancy.
   Cunning:   Dodging and Stealth.
 I - the cursed amulet of Panopticon (around neck) {Regen+, Self, Alch}
   (You found it on level 10 of the Dungeon)

   [amulet of regeneration]

   Regen:     It increases your rate of health regeneration.
   It has a curse which improves the following skills: Introspection: Fighting
   and Spellcasting.
   Alchemy:   Poison Magic and Transmutations.
Wands
 p - a wand of quicksilver (7)
 A - a wand of digging (6)
 B - a wand of flame (9)
Scrolls
 e - 2 scrolls of summoning
 f - 2 scrolls of fog
 g - 3 scrolls of immolation
 i - 2 scrolls of revelation
 j - a scroll of fear
 m - 4 scrolls of torment
 w - a scroll of enchant weapon
 z - a scroll of poison
 C - 6 scrolls of teleportation {@r2}
 G - a scroll of enchant armour
Potions
 b - 3 potions of attraction
 k - a potion of resistance
 l - 5 potions of enlightenment
 q - 2 potions of lignification
 r - 2 potions of might
 s - a potion of haste {@q3}
 t - a potion of brilliance
 J - a potion of invisibility
Miscellaneous
 v - a box of beasts

Dungeon Overview and Level Annotations

Branches:
Dungeon (11/15)            Temple (0/1) D:5            Lair (1/5) D:11
 Bailey (visited)         Gauntlet (1/1)
    Orc: D:9-12

Altars:
Ashenzari
Dithmenos
Fedhas
Hepliaklqana
Ru
Wu Jian
Xom

Shops:
D:4 !(([   D:8 *

Annotations:
D:5 1 runed translucent door, Crazy Yiuf Gauntlet 15 transporters, 15 runed translucent doors, exclusions: ice statue and orange crystal statue

▒8▒..▒▒▒▒▒▒▒▒▒▒▒.▒▒▒▒▒▒▒▒▒▒▒.
▒▒▒..▒...+..+..▒.▒#.......#▒.
▒....▒...+..+..▒.▒.#.....#.▒.
▒▒▒....▒?.▒▒++▒++▒.▒..#.†.#^.▒.
▒8▒..▒▒▒..+...+..▒.▒..^#©#...▒.
▒▒▒..▒©▒©.+...▒.©▒.▒...^#^...▒.
▒..▒.▒|.+...+..▒.▒...#.#...▒. ▒
▒▒▒..▒.▒..▒▒++▒''▒.▒..#...#..▒. ▒
▒8▒..▒.▒...'.4@..▒.▒.#..8..#^▒.
▒▒▒▒▒..▒.▒...'..'..▒.▒#...©...#▒.
.......▒.▒▒▒▒▒▒▒▒▒▒▒▒▒▒▒▒▒▒▒▒▒▒▒▒
.......▒.▒≈≈8≈≈▒©.........©......
▒▒▒▒▒▒▒▒.▒▒▒▒▒▒▒▒▒▒▒▒▒▒▒▒▒▒▒▒▒▒▒▒
........©...........©▒≈≈≈≈8≈§§≈▒©
▒▒▒▒▒▒▒▒▒▒▒▒▒▒▒▒▒▒▒▒▒▒▒▒▒▒▒▒▒▒▒▒▒
Y▒.▒.......uG▒.▒J≈...≈≈..▒.▒s....
.▒.▒...▒▒▒...▒.▒.≈..≈..≈.▒.▒y.▒▒.


You could see a great orb of eyes, a green ugly thing, a quicksilver ooze and an
ice devil.


Message History

The ice devil is moderately wounded.
The flame wave engulfs the white imp!!
The white imp is burned terribly!
You kill the white imp!
You finish channelling waves of flame.
The ice devil completely misses you.
Unknown command.
Casting: Flame Wave (mildly dangerous; 1% risk of failure)
Confirm with . or Enter, or press ? or * to list all spells.
Casting: Flame Wave (mildly dangerous; 1% risk of failure)
Press: ? - help, Dir - look around, f - activate A wave of flame ripples out!
The flame wave engulfs the ice devil.
The ice devil is burned terribly!
The ice devil is moderately wounded. (Press . to intensify the flame waves.)
The ice devil hits you! The ice devil freezes you!!
* * * LOW HITPOINT WARNING * * *
A wave of flame ripples out!
The flame wave engulfs the ice devil!!
The ice devil is burned terribly!
The ice devil is severely wounded.
The flame wave engulfs the white imp!!!
The white imp is burned terribly!
You kill the white imp!
* * * LOW HITPOINT WARNING * * *
The ice devil hits you!
* * * LOW HITPOINT WARNING * * *
The ice devil freezes you!!
* * * LOW HITPOINT WARNING * * *
You feel protected. The ice devil hits you.
* * * LOW HITPOINT WARNING * * *
The ice devil freezes you! You resist.
You die...

Skill      XL: |  1  2  3  4  5  6  7  8  9 10 11 12 |
---------------+-------------------------------------+-----
Spellcasting   | 4 5 7 8 9 10 11 | 11.5
Conjurations   | 4 5 7 8 9 10 11 | 11.5
Hexes          | 4 5 7 8 9 10 11 | 11.5
Summonings     | 4 5 7 8 9 10 11 | 11.5
Necromancy     | 4 5 7 8 9 10 11 | 11.5
Translocations | 4 5 7 8 9 10 11 | 11.5
Transmutations | 4 5 7 8 9 10 11 | 11.5
Fire Magic     | 4 5 7 8 9 10 11 | 11.5
Ice Magic      | 4 5 7 8 9 10 11 | 11.5
Air Magic      | 4 5 7 8 9 10 11 | 11.5
Earth Magic    | 4 5 7 8 9 10 11 | 11.5
Poison Magic   | 4 5 7 8 9 10 11 | 11.5
Fighting       | 6 8 |  8.5
Dodging        | 8 10 | 10.0
Evocations     | 2 5 |  5.6
Stealth        | |  1.5

Action                     |  1- 3 |  4- 6 |  7- 9 | 10-12 || total
---------------------------+-------+-------+-------+-------++-------
  Melee: Unarmed           |     1 |       |       |       ||     1
         Dagger            |       |     3 |     1 |     9 ||    13
   Cast: Foxfire           |    48 |    74 |   172 |   110 ||   404
         Scorch            |       |     8 |    37 |    44 ||    89
         Flame Wave        |       |       |     1 |    14 ||    15
         Volatile Blastmot |       |       |     6 |    39 ||    45
         Olgreb's Toxic Ra |       |       |     1 |    48 ||    49
         Ensorcelled Hiber |       |       |       |     6 ||     6
         Momentum Strike   |       |       |       |     2 ||     2
         Irradiate         |       |       |       |     3 ||     3
         Slow              |       |       |       |     1 ||     1
 Invoke: Curse Item        |       |       |     1 |     6 ||     7
         Shatter the Chain |       |       |       |     1 ||     1
  Evoke: Wand              |       |       |     4 |     7 ||    11
    Use: Scroll            |     3 |     1 |     2 |     5 ||    11
         Potion            |       |     1 |     1 |     4 ||     6
 Armour: Robe              |     1 |     2 |     4 |     3 ||    10
         Ring mail         |       |       |       |     2 ||     2
         Troll leather arm |       |       |       |     7 ||     7
  Dodge: Dodged            |    12 |     4 |    11 |    61 ||    88
  Block: Buckler           |       |       |       |     4 ||     4

Levels and vault maps discovered:
D:1:      ncdulo_lavacross, layout_loops_corners
D:2:      layout_basic
D:3:      layout_loops_ring, nicolae_overflow_hidden_temple, vehumet_crystals,
          shapermc_ecumenical_altar_rom_forum, minivault_5,
          nicolae_figureground_sparkle
D:4:      layout_basic, serial_shops, shop, shop, shop, shop, grunt_ministairs_4
D:5:      layout_loops_ring, mainiacjoe_overflow_boulevard,
          minmay_temple_entry_glassed_door, dk_rats_in_the_wall,
          uniq_crazy_yiuf_cottage
D:6:      layout_basic
D:7:      layout_cave_pools, enter_bailey_2, minmay_manual_mess
D:8:      minmay_diamond_stairs, layout_loops_ring,
          mainiacjoe_overflow_alcove_4, serial_shops, shop
D:9:      layout_rooms, tgw_sif, overflow_temple_1_default, uniq_harold
D:10:     layout_roguey, kiku_gazebo_garden_becter, hangedman_ru_absence,
          chequers_serial_rivers_small_a, hangedman_abyss_or_decor_lesser_grid
D:11:     layout_roguey, lair_entry_dummy, doesnt_xom_only_xom, uniq_sonja
Lair:1:   lemuel_slime, layout_cave_pods, gauntlet_entry_generic,
          evilmike_ambush [evilmike_ambush_outer_corners,
          evilmike_ambush_inner_pond], grunt_megastairs_3,
          infiniplex_staircase_pool_2
Gauntlet: gammafunk_gauntlet_one_two_three [nicolae_gauntlet_arena_x,
          gammafunk_gauntlet_arena_mazey,
          minmay_gauntlet_arena_make_your_own_arena,
          gammafunk_gauntlet_arena_crates, nicolae_gauntlet_arena_blocks,
          nicolae_gauntlet_arena_quarters, nicolae_gauntlet_arena_flowing_pool,
          nicolae_gauntlet_arena_t_cross, gammafunk_gauntlet_arena_hedges,
          gauntlet_exit_green]

Notes
Turn   | Place    | Note
-------+----------+-------------------------------------------
     0 | D:1      | Reached skill level 3 in Spellcasting
     0 | D:1      | Reached skill level 3 in Conjurations
     0 | D:1      | Reached skill level 3 in Hexes
     0 | D:1      | Reached skill level 3 in Summonings
     0 | D:1      | Reached skill level 3 in Necromancy
     0 | D:1      | Reached skill level 3 in Translocations
     0 | D:1      | Reached skill level 3 in Transmutations
     0 | D:1      | Reached skill level 3 in Fire Magic
     0 | D:1      | Reached skill level 3 in Ice Magic
     0 | D:1      | Reached skill level 3 in Air Magic
     0 | D:1      | Reached skill level 3 in Earth Magic
     0 | D:1      | Reached skill level 3 in Poison Magic
     0 | D:1      | Drazool the Djinni Fire Elementalist began the quest for
                  | the Orb.
     0 | D:1      | Drazool set off with the following spells memorised:
                  | Foxfire, Scorch, Volatile Blastmotes, Inner Flame, Flame
                  | Wave.
     0 | D:1      | Reached XP level 1. HP: 15/15 MP: 0/0
    60 | D:1      | Reached XP level 2. HP: 21/21 MP: 0/0
   429 | D:1      | Reached XP level 3. HP: 25/25 MP: 0/0
   429 | D:1      | Learned a level 1 spell: Slow
   982 | D:2      | Reached skill level 4 in Spellcasting
   982 | D:2      | Reached skill level 4 in Conjurations
   982 | D:2      | Reached skill level 4 in Hexes
   982 | D:2      | Reached skill level 4 in Summonings
   982 | D:2      | Reached skill level 4 in Necromancy
   982 | D:2      | Reached skill level 4 in Translocations
   982 | D:2      | Reached skill level 4 in Transmutations
   982 | D:2      | Reached skill level 4 in Fire Magic
   982 | D:2      | Reached skill level 4 in Ice Magic
   982 | D:2      | Reached skill level 4 in Air Magic
   982 | D:2      | Reached skill level 4 in Earth Magic
   982 | D:2      | Reached skill level 4 in Poison Magic
   982 | D:2      | Reached XP level 4. HP: 28/31 MP: 0/0
  1575 | D:3      | Found a faded altar of an unknown god.
  1824 | D:3      | Reached XP level 5. HP: 19/35 MP: 0/0
  1824 | D:3      | Learned a level 2 spell: Momentum Strike
  2287 | D:3      | Noticed a water moccasin
  2292 | D:3      | Killed a water moccasin
  2293 | D:3      | Reached skill level 5 in Spellcasting
  2293 | D:3      | Reached skill level 5 in Conjurations
  2293 | D:3      | Reached skill level 5 in Hexes
  2293 | D:3      | Reached skill level 5 in Summonings
  2293 | D:3      | Reached skill level 5 in Necromancy
  2293 | D:3      | Reached skill level 5 in Translocations
  2293 | D:3      | Reached skill level 5 in Transmutations
  2293 | D:3      | Reached skill level 5 in Fire Magic
  2293 | D:3      | Reached skill level 5 in Ice Magic
  2293 | D:3      | Reached skill level 5 in Air Magic
  2293 | D:3      | Reached skill level 5 in Earth Magic
  2293 | D:3      | Reached skill level 5 in Poison Magic
  2293 | D:3      | Reached XP level 6. HP: 35/40 MP: 0/0
  2406 | D:3      | Found a hazy altar of Hepliaklqana.
  2408 | D:3      | Found an ornate altar of the Wu Jian Council.
  2624 | D:4      | Reached XP level 7. HP: 36/45 MP: 0/0
  2624 | D:4      | Learned a level 2 spell: Ensorcelled Hibernation
  2778 | D:4      | Found Meuts's Armour Shop.
  2853 | D:4      | Reached skill level 6 in Spellcasting
  2853 | D:4      | Reached skill level 6 in Conjurations
  2853 | D:4      | Reached skill level 6 in Hexes
  2853 | D:4      | Reached skill level 6 in Summonings
  2853 | D:4      | Reached skill level 6 in Necromancy
  2853 | D:4      | Reached skill level 6 in Translocations
  2853 | D:4      | Reached skill level 6 in Transmutations
  2853 | D:4      | Reached skill level 6 in Fire Magic
  2853 | D:4      | Reached skill level 6 in Ice Magic
  2853 | D:4      | Reached skill level 6 in Air Magic
  2853 | D:4      | Reached skill level 6 in Earth Magic
  2853 | D:4      | Reached skill level 6 in Poison Magic
  2894 | D:4      | Found Omasium's Antique Weapon Boutique.
  2918 | D:4      | Found Adyagh's Weapon Shoppe.
  2952 | D:4      | Found Nugif's Distillery.
  2957 | D:4      | Bought a potion of curing for 33 gold pieces
  2957 | D:4      | Bought a potion of lignification for 33 gold pieces
  2957 | D:4      | Bought a potion of resistance for 110 gold pieces
  3079 | D:5      | Entered Level 5 of the Dungeon
  3079 | D:5      | Found a broken altar of Ashenzari.
  3199 | D:5      | Reached skill level 7 in Spellcasting
  3199 | D:5      | Reached skill level 7 in Conjurations
  3199 | D:5      | Reached skill level 7 in Hexes
  3199 | D:5      | Reached skill level 7 in Summonings
  3199 | D:5      | Reached skill level 7 in Necromancy
  3199 | D:5      | Reached skill level 7 in Translocations
  3199 | D:5      | Reached skill level 7 in Transmutations
  3199 | D:5      | Reached skill level 7 in Fire Magic
  3199 | D:5      | Reached skill level 7 in Ice Magic
  3199 | D:5      | Reached skill level 7 in Air Magic
  3199 | D:5      | Reached skill level 7 in Earth Magic
  3199 | D:5      | Reached skill level 7 in Poison Magic
  3199 | D:5      | Reached XP level 8. HP: 11/50 MP: 0/0
  3201 | D:5      | Became a worshipper of Ashenzari the Shackled
  3412 | D:5      | Found a staircase to the Ecumenical Temple.
  3764 | D:5      | Found a runed translucent door.
  3765 | D:5      | Noticed Crazy Yiuf
  4515 | D:6      | Reached skill level 8 in Spellcasting
  4515 | D:6      | Reached skill level 8 in Conjurations
  4515 | D:6      | Reached skill level 8 in Hexes
  4515 | D:6      | Reached skill level 8 in Summonings
  4515 | D:6      | Reached skill level 8 in Necromancy
  4515 | D:6      | Reached skill level 8 in Translocations
  4515 | D:6      | Reached skill level 8 in Transmutations
  4515 | D:6      | Reached skill level 8 in Fire Magic
  4515 | D:6      | Reached skill level 8 in Ice Magic
  4515 | D:6      | Reached skill level 8 in Air Magic
  4515 | D:6      | Reached skill level 8 in Earth Magic
  4515 | D:6      | Reached skill level 8 in Poison Magic
  4858 | D:6      | Reached XP level 9. HP: 45/55 MP: 0/0
  4858 | D:6      | Learned a level 4 spell: Olgreb's Toxic Radiance
  5418 | D:7      | Found a flagged portal.
  5429 | Bailey   | Entered a bailey
  5526 | Bailey   | Reached skill level 9 in Spellcasting
  5526 | Bailey   | Reached skill level 9 in Conjurations
  5526 | Bailey   | Reached skill level 9 in Hexes
  5526 | Bailey   | Reached skill level 9 in Summonings
  5526 | Bailey   | Reached skill level 9 in Necromancy
  5526 | Bailey   | Reached skill level 9 in Translocations
  5526 | Bailey   | Reached skill level 9 in Transmutations
  5526 | Bailey   | Reached skill level 9 in Fire Magic
  5526 | Bailey   | Reached skill level 9 in Ice Magic
  5526 | Bailey   | Reached skill level 9 in Air Magic
  5526 | Bailey   | Reached skill level 9 in Earth Magic
  5526 | Bailey   | Reached skill level 9 in Poison Magic
  5586 | Bailey   | Reached skill level 1 in Fighting
  5635 | Bailey   | Noticed an orc knight
  5689 | Bailey   | Reached skill level 2 in Fighting
  5695 | Bailey   | Reached skill level 3 in Fighting
  5872 | Bailey   | Identified the +6 chain mail of Nemelex Xobeh's Scorn
                  | {Rampage Dex+6 Slay+5}
  5938 | Bailey   | Killed an orc knight
  5939 | Bailey   | Reached skill level 5 in Fighting
  6171 | D:7      | Noticed a kobold demonologist
  6173 | D:7      | Noticed a kobold demonologist
  6179 | D:7      | Killed a kobold demonologist
  6180 | D:7      | Reached skill level 6 in Fighting
  6206 | D:7      | Reached XP level 10. HP: 64/73 MP: 0/0
  6217 | D:7      | Reached * piety under Ashenzari
  6409 | D:7      | Noticed a rust devil
  6410 | D:7      | Killed a kobold demonologist
  6411 | D:7      | Reached skill level 7 in Fighting
  6673 | D:7      | Reached skill level 8 in Fighting
  6853 | D:8      | Noticed a tengu warrior
  6872 | D:8      | Killed a tengu warrior
  6873 | D:8      | Reached skill level 4 in Dodging
  7023 | D:8      | Noticed a two-headed ogre
  7032 | D:8      | Killed a two-headed ogre
  7033 | D:8      | Reached skill level 6 in Dodging
  7184 | D:8      | Noticed a cyan ugly thing
  7353 | D:8      | Noticed a deep elf pyromancer
  7357 | D:8      | Killed a deep elf pyromancer
  7358 | D:8      | Reached skill level 7 in Dodging
  7465 | D:8      | Noticed a skeletal warrior
  7479 | D:8      | Killed a skeletal warrior
  7480 | D:8      | Reached skill level 8 in Dodging
  7480 | D:8      | Reached XP level 11. HP: 69/82 MP: 0/0
  7480 | D:8      | Learned a level 5 spell: Irradiate
  7678 | D:8      | Killed a cyan ugly thing
  7679 | D:8      | Reached skill level 9 in Dodging
  7804 | D:8      | Reached ** piety under Ashenzari
  8043 | D:8      | Found Joreaxt's General Store.
  8402 | D:8      | Found a shadowy altar of Dithmenos.
  8461 | D:9      | Reached *** piety under Ashenzari
  8641 | D:9      | Found a blossoming altar of Fedhas.
  8696 | D:9      | Reached skill level 10 in Dodging
  8819 | D:9      | Noticed Harold
  8836 | D:9      | Killed Harold
  9052 | D:8      | Identified Plato's Precepts of Tephra (You found it on
                  | level 3 of the Dungeon)
  9392 | D:10     | Entered Level 10 of the Dungeon
  9704 | D:10     | Noticed a cyclops
  9726 | D:10     | Killed a cyclops
  9883 | D:10     | Found a sacrificial altar of Ru.
 10075 | D:10     | Noticed a two-headed ogre
 10095 | D:10     | Killed a two-headed ogre
 10096 | D:10     | Reached skill level 10 in Spellcasting
 10096 | D:10     | Reached skill level 10 in Conjurations
 10096 | D:10     | Reached skill level 10 in Hexes
 10096 | D:10     | Reached skill level 10 in Summonings
 10096 | D:10     | Reached skill level 10 in Necromancy
 10096 | D:10     | Reached skill level 10 in Translocations
 10096 | D:10     | Reached skill level 10 in Transmutations
 10096 | D:10     | Reached skill level 10 in Fire Magic
 10096 | D:10     | Reached skill level 10 in Ice Magic
 10096 | D:10     | Reached skill level 10 in Air Magic
 10096 | D:10     | Reached skill level 10 in Earth Magic
 10096 | D:10     | Reached skill level 10 in Poison Magic
 10096 | D:10     | Reached skill level 1 in Evocations
 10331 | D:11     | Noticed a two-headed ogre
 10342 | D:11     | Killed a two-headed ogre
 10343 | D:11     | Reached skill level 2 in Evocations
 10447 | D:11     | Noticed a cyclops
 10459 | D:11     | Killed a cyclops
 10469 | D:11     | Noticed Sonja
 10474 | D:11     | Killed Sonja
 10475 | D:11     | Reached XP level 12. HP: 82/88 MP: 0/0
 10490 | D:11     | Reached skill level 3 in Evocations
 10562 | D:11     | Found a staircase to the Lair.
 10607 | D:11     | Found a basalt altar of Yredelemnul.
 10702 | D:11     | Noticed a boulder beetle
 10720 | D:11     | Killed a boulder beetle
 10721 | D:11     | Reached skill level 4 in Evocations
 11046 | D:11     | Found a bloodstained altar of Trog.
 11202 | D:11     | Found a sparkling altar of Nemelex Xobeh.
 11202 | D:11     | Found a shimmering altar of Xom.
 11247 | Lair:1   | Entered Level 1 of the Lair of Beasts
 11253 | Lair:1   | Reached skill level 11 in Spellcasting
 11253 | Lair:1   | Reached skill level 11 in Conjurations
 11253 | Lair:1   | Reached skill level 11 in Hexes
 11253 | Lair:1   | Reached skill level 11 in Summonings
 11253 | Lair:1   | Reached skill level 11 in Necromancy
 11253 | Lair:1   | Reached skill level 11 in Translocations
 11253 | Lair:1   | Reached skill level 11 in Transmutations
 11253 | Lair:1   | Reached skill level 11 in Fire Magic
 11253 | Lair:1   | Reached skill level 11 in Ice Magic
 11253 | Lair:1   | Reached skill level 11 in Air Magic
 11253 | Lair:1   | Reached skill level 11 in Earth Magic
 11253 | Lair:1   | Reached skill level 11 in Poison Magic
 11262 | D:11     | Reached skill level 5 in Evocations
 11351 | Lair:1   | Found a gate leading to a gauntlet.
 11370 | Gauntlet | Entered a Gauntlet
 11370 | Gauntlet | Found a transporter.
 11379 | Gauntlet | Found a transporter.
 11394 | Gauntlet | Found a transporter.
 11399 | Gauntlet | Found a transporter.
 11418 | Gauntlet | Found a transporter.
 11418 | Gauntlet | Identified the ring "Nietalir" {rCorr EV+5 Str+4}
 11436 | Gauntlet | Found a transporter.
 11446 | Gauntlet | Identified a potion of experience
 11448 | Gauntlet | Found a transporter.
 11454 | Gauntlet | Found a transporter.
 11465 | Gauntlet | Identified the ring of Juerooloa {Fire rPois Str+4}
 11466 | Gauntlet | Noticed a quicksilver ooze
 11469 | Gauntlet | Found a transporter.
 11475 | Gauntlet | Found a transporter.
 11483 | Gauntlet | Reached **** piety under Ashenzari
 11491 | Gauntlet | Found a transporter.
 11492 | Gauntlet | Identified the +0 cloak of Robb {+Inv SInv Stlth+}
 11497 | Gauntlet | Found a transporter.
 11504 | Gauntlet | Noticed a great orb of eyes
 11512 | Gauntlet | Found a transporter.
 11512 | Gauntlet | Noticed a dire elephant
 11513 | Gauntlet | Identified the +3 cloak "Werhuog" {Will+ Dex+3}
 11529 | Gauntlet | Found a transporter.
 11548 | Gauntlet | Found a transporter.
 11550 | Gauntlet | Found a runed translucent gate.
 11550 | Gauntlet | Found a runed translucent gate.
 11550 | Gauntlet | Found a runed translucent gate.
 11553 | Gauntlet | Found a large runed translucent door.
 11553 | Gauntlet | Found a large runed translucent door.
 11553 | Gauntlet | Found a large runed translucent door.
 11553 | Gauntlet | Found a large runed translucent door.
 11556 | Gauntlet | Found a large runed translucent door.
 11556 | Gauntlet | Found a large runed translucent door.
 11557 | Gauntlet | Found a large runed translucent door.
 11557 | Gauntlet | Found a large runed translucent door.
 11560 | Gauntlet | Found a large runed translucent door.
 11560 | Gauntlet | Found a large runed translucent door.
 11560 | Gauntlet | Found a runed translucent door.
 11560 | Gauntlet | Found a runed translucent door.
 11561 | Gauntlet | Found a large runed translucent door.
 11562 | Gauntlet | Found a large runed translucent door.
 11571 | Gauntlet | Found a large runed translucent door.
 11571 | Gauntlet | Found a large runed translucent door.
 11572 | Gauntlet | Found a large runed translucent door.
 11573 | Gauntlet | Found a large runed translucent door.
 11573 | Gauntlet | Found a transporter.
 11573 | Gauntlet | Identified +1 pearl dragon scales
 11575 | Gauntlet | Found a transporter.
 11595 | Gauntlet | Found a transporter.
 11670 | Gauntlet | HP: 6/92 [something] (18)]
 11777 | Gauntlet | HP: 3/92 [ice devil (19)]
 11778 | Gauntlet | HP: 1/92 [ice devil (4)]
 11778 | Gauntlet | Mangled by an ice devil

Vanquished Creatures
  Harold (D:9)
  A boulder beetle (D:11)
  3 two-headed ogres
  A tengu warrior (D:8)
  Sonja (D:11)
  A skeletal warrior (D:8)
  An orc knight (Bailey)
  A deep elf pyromancer (D:8)
  An ugly thing (D:8)
  2 cyclopes
  4 black mambas
  A rime drake (Gauntlet)
  2 cane toads (D:11)
  An unseen horror (D:10)
  2 kobold demonologists (D:7)
  3 komodo dragons
  2 trolls (D:11)
  11 yaks
  A wyvern (D:9)
  3 water moccasins
  7 orc warriors
  3 sky beasts
  4 ice beasts
  3 ogres
  3 centaurs
  2 phantoms
  A kobold brigand (D:7)
  2 scorpions
  2 bullfrogs
  A gnoll sergeant (D:8)
  4 wights
  10 howler monkeys
  3 hounds
  2 jellies (D:6)
  3 orc priests
  6 iguanas
  A sleepcap (D:4)
  14 orc wizards
  3 gnolls (D:5)
  11 adders
  A shadow imp (D:5)
  5 white imps
  A worm (D:5)
  A dart slug (D:1)
  37 orcs
  4 endoplasms
  2 giant cockroaches (D:1)
  9 goblins
  12 hobgoblins
  4 quokkas
  4 ball pythons
  8 bats
  4 frilled lizards
  19 kobolds
  8 rats
247 creatures vanquished.

Vanquished Creatures (collateral kills)
  A foxfire (D:3)
1 creature vanquished.

Vanquished Creatures (others)
  656 foxfires
656 creatures vanquished.

Grand Total: 904 creatures vanquished

Table legend: (Time is in decaauts)
 A = Elapsed time spent in this place.
 B = Non-inter-level travel time spent in this place.
 C = Inter-level travel time spent in this place.
 D = Time resting spent in this place.
 E = Time spent auto-exploring this place.
 F = Levels seen in this place.
 G = Mean time per level.
                   A        B        C        D        E       F      G
               +--------+--------+--------+--------+--------+-----+--------+
         Total |  11784 |  11098 |    686 |    762 |   8119 |  14 |  841.7 |
       Dungeon |  10695 |  10009 |    686 |    617 |   7693 |  11 |  972.3 |
          Lair |     53 |     53 |      0 |      0 |      0 |   1 |   53.0 |
        Bailey |    627 |    627 |      0 |     94 |    301 |   1 |  627.0 |
      Gauntlet |    407 |    407 |      0 |     51 |    125 |   1 |  407.0 |
               +--------+--------+--------+--------+--------+-----+--------+

Top non-repeatable levels by time:
     D:8: 1669 daAuts
     D:6: 1255 daAuts
     D:3: 1102 daAuts
    D:10: 997 daAuts
     D:5: 949 daAuts
    D:11: 930 daAuts
     D:4: 897 daAuts
     D:1: 879 daAuts
     D:7: 818 daAuts
     D:9: 685 daAuts
  Bailey: 627 daAuts
     D:2: 509 daAuts
Gauntlet: 407 daAuts
  Lair:1: 53 daAuts

Table legend:
 A = Non-vault XP
 B = Vault XP
 C = Vault XP percentage of total XP
 D = Non-vault monster count
 E = Vault monster count
 F = Vault count percentage of total count
                 A         B        C        D         E       F
            +---------+---------+-------+---------+---------+-------
      Total |   16600 |    7228 |  30.3 |     195 |      52 |  21.1
            +---------+---------+-------+---------+---------+-------
        D:1 |      38 |       0 |   0.0 |      23 |       0 |   0.0
        D:2 |      58 |       0 |   0.0 |      16 |       0 |   0.0
        D:3 |     273 |       0 |   0.0 |      19 |       0 |   0.0
        D:4 |     387 |      25 |   6.1 |      16 |       5 |  23.8
        D:5 |     622 |       0 |   0.0 |      18 |       0 |   0.0
        D:6 |     928 |       0 |   0.0 |      18 |       0 |   0.0
        D:7 |    1236 |     197 |  13.7 |       8 |       4 |  33.3
        D:8 |    1745 |    2902 |  62.4 |      26 |       7 |  21.2
        D:9 |     695 |     898 |  56.4 |       9 |       2 |  18.2
       D:10 |    2456 |       0 |   0.0 |      19 |       0 |   0.0
       D:11 |    6485 |     769 |  10.6 |      18 |       1 |   5.3
     Lair:1 |    1677 |     825 |  33.0 |       5 |       3 |  37.5
     Bailey |       0 |    1169 | 100.0 |       0 |      25 | 100.0
   Gauntlet |       0 |     443 | 100.0 |       0 |       5 | 100.0
            +---------+---------+-------+---------+---------+-------
